 Dungeon Crawl Stone Soup version 0.25-a0-479-g8579842fd4 (webtiles) character file.

Game seed: 590284340799687367, levelgen mode: deterministic

68820 Eurus the Thaumaturge (level 14, -1/128 HPs)
             Began as a Mummy Conjurer on Feb 9, 2020.
             Was the Champion of Ashenzari.
             Slain by a merfolk impaler
             ... wielding a +0 trident
              (18 damage)
             ... on level 1 of the Shoals.
             The game lasted 02:07:03 (41845 turns).

Eurus the Thaumaturge (Mummy Conjurer)             Turns: 41845, Time: 02:07:05

Health: -1/128     AC: 16    Str: 11    XL:     14   Next: 88%
Magic:  31/46      EV:  6    Int: 22    God:    Ashenzari [******]
Gold:   1377       SH:  0    Dex: 13    Spells: 30/39 levels left

rFire    . . .     SeeInvis +   d - staff of power (curse)
rCold    + + +     Gourm    .   l - +2 buckler {rC+}
rNeg     + + +     Faith    .   c - +4 ring mail {rC+}
rPois    ∞         Spirit   .   A - +2 helmet {Int+3} (curse)
rElec    .         Reflect  .   m - +0 cloak
rCorr    .         Harm     .   (no gloves)
MR       +....     Clarity  +   (no boots)
Stlth    +.........             C - amulet of Vitality {Regen+ HP+15} (curse)
HPRegen  0.71/turn              b - ring of protection from fire
MPRegen  0.30/turn              x - ring of wizardry (curse)

@: barbed spikes, held
A: no food or potions, fire vulnerability, cold resistance 1, negative energy
resistance 3, torment resistance, unbreathing, in touch with death 1
a: Curse Item, Scrying, Transfer Knowledge, Renounce Religion


You were on level 1 of the Shoals.
You worshipped Ashenzari.
Ashenzari was exalted by your worship.
You were not hungry.

You visited 5 branches of the dungeon, and saw 24 of its levels.
You also visited: Ice Cave.

You collected 1827 gold pieces.
You spent 450 gold pieces at shops.

Inventory:

Armour
 c - a +4 ring mail of cold resistance (worn)
 l - a +2 buckler of cold resistance (worn)
 m - a +0 cloak (worn)
 A - a cursed +2 helmet of intelligence (worn)
Magical Staves
 d - a cursed staff of power (weapon)
Jewellery
 b - a ring of protection from fire (left hand)
 n - an uncursed ring of ice
 x - a cursed ring of wizardry (right hand)
 z - an uncursed ring of ice
 B - an uncursed ring of protection from cold
 C - the cursed amulet of Vitality (around neck) {Regen+ HP+15}
   (You found it in an ice cave)

   [amulet of regeneration]

   It affects your health (+15).
   It increases your rate of regeneration.
   It has a curse placed upon it.
Wands
 a - a wand of digging (4)
 i - a wand of enslavement (27)
 k - a wand of paralysis (17)
 p - a wand of polymorph (9)
 s - a wand of acid (8)
 t - a wand of disintegration (28)
 v - a wand of random effects (25)
 w - a wand of clouds (3)
 y - a wand of iceblast (10)
Scrolls
 e - 16 scrolls of identify
 f - a scroll of enchant armour
 g - 4 scrolls of magic mapping
 h - a scroll of remove curse
 j - 5 scrolls of teleportation
 q - 5 scrolls of enchant weapon
 r - a scroll of fog
 u - 3 scrolls of amnesia


   Skills:
 - Level 11.0 Fighting
 + Level 9.8 Armour
 - Level 1.5 Dodging
 - Level 1.5 Stealth
 + Level 4.6 Shields
 + Level 13.0(17.1) Spellcasting
 + Level 11.4(14.1) Conjurations
 + Level 10.4(13.2) Translocations


You had 30 spell levels left.
You knew the following spells:

 Your Spells              Type           Power        Failure   Level  Hunger
a - Magic Dart            Conj           ####         0%          1    N/A
b - Searing Ray           Conj           ######       1%          2    N/A
c - Iskenderun's Mystic   Conj/Tloc      ######..     1%          4    N/A
d - Shroud of Golubria    Chrm/Tloc      #####.       1%          2    N/A

Your spell library contained the following spells:

 Spells                   Type           Power        Failure   Level  Hunger
 Animate Skeleton         Necr           N/A          1%          1    N/A
 Infusion                 Chrm           ###.         1%          1    N/A
 Pain                     Necr           ####         1%          1    N/A
 Dazzling Flash           Conj/Hex       ######       1%          3    N/A
 Fulminant Prism          Conj/Hex       ######....   1%          4    N/A
 Song of Slaying          Chrm           ###.....     3%          2    N/A
 Ozocubu's Armour         Chrm/Ice       ###.....     6%          3    N/A
 Spectral Weapon          Hex/Chrm       ###.....     6%          3    N/A
 Vampiric Draining        Necr           ####......   6%          3    N/A
 Animate Dead             Necr           N/A          19%         4    N/A
 Agony                    Necr           ####....     45%         5    N/A
 Haunt                    Necr/Summ      ####......   100%        7    N/A
 Infestation              Necr           ####......   100%        8    N/A
 Borgnjor's Revivificati  Necr           Unusable     N/A         8    N/A
 Death's Door             Chrm/Necr      Unusable     N/A         8    N/A
 Necromutation            Tmut/Necr      Unusable     N/A         8    N/A

Dungeon Overview and Level Annotations

Branches:
Dungeon (14/15)            Temple (0/1) D:7            Lair (6/6) D:8
 Shoals (1/4) Lair:4       Spider (1/4) Lair:4        Slime (0/5) Lair:5
    Orc (2/2) D:10            Elf (0/3) Orc:2         IceCv (visited)
 Vaults: D:13-14

Altars:
Ashenzari
Fedhas
Trog
Beogh
Jiyva

Shops:
D:6 (   D:10 (   Orc:2 =(

Annotations:
D:13 exclusion: sensed monster (detected), Nessos
Lair:6 exclusion: 2 oklob plants
Orc:2 exclusion: 2 doors


Innate Abilities, Weirdness & Mutations

You do not eat or drink.
Your flesh is vulnerable to fire.
You are immune to poison.
Your flesh is cold resistant. (rC+)
You are immune to negative energy. (rN+++)
You are immune to unholy pain and torment.
You can survive without breathing.
You are in touch with the powers of death.


Message History

The mystic blast misses the merfolk impaler.
The merfolk throws a silver boomerang.
The silver boomerang hits you but does no damage.
The weapon returns to the merfolk!
The merfolk impaler hits you but does no damage.
The merfolk avatar chants a haunting song.
You are unaffected.
The merfolk impaler hits you but does no damage.
The merfolk throws a boomerang.
The boomerang barely misses you.
The weapon returns to the merfolk!
The manticore flicks its tail.
The volley of spikes hits you!
The barbed spikes become lodged in your body.
As you read the scroll of fog, it crumbles to dust.
The scroll dissolves into smoke.
The merfolk throws a silver boomerang.
The silver boomerang hits you!!
* * * LOW HITPOINT WARNING * * *
x2 The weapon returns to the merfolk!
The merfolk barely misses you.
The merfolk impaler hits you from afar with a +0 trident!!
You die...

, , ,, ,, ≈ ≈ ≈ ≈
≈≈, , ,
..≈≈≈≈≈≈≈≈≈≈ ,* ,,
, ,,≈ ≈
≈≈≈≈≈≈≈≈≈≈≈. ,, *
,, ≈≈ , ≈≈.≈≈≈≈≈≈≈≈
,, * , ≈, ≈,≈
,≈≈≈m.≈≈≈≈. , * *
,≈H.* #≈Hm.m.?.. *
, , * ,, *
,....##)≈§...... *
,≈ * , , ,
....$.§§§≈≈≈≈.. ,,
, ,
,,≈≈≈≈m.m§@§≈$.≈≈.*
, ≈ ≈≈
,,≈≈≈.?.§§§..≈≈.$
,,≈ ,,* ≈ ≈
≈≈≈≈≈.Hmm§§≈m≈≈≈..
≈,,,* ≈≈ ≈ ≈≈
≈≈≈.....≈≈≈≈≈≈≈
≈,,,,* ≈≈≈
≈≈≈≈....≈≈≈≈≈≈≈≈
≈,,,** ≈ ≈
≈≈≈≈≈≈≈≈.≈≈≈≈≈≈≈≈
≈≈≈ ,, ≈≈ ≈ ≈
≈≈≈≈≈≈≈≈≈≈≈≈≈≈≈ , ,
≈ ≈≈≈
≈≈≈≈≈≈≈≈≈≈≈≈≈≈≈≈≈
≈≈ , ≈ ≈≈ ≈≈≈≈≈ ≈ ≈
≈ ≈ ≈≈


You could see a merfolk avatar, 3 merfolk impalers, 4 merfolk, 2 manticores and
a hippogriff.

Vanquished Creatures
  Gastronok (Lair:3)
  Kirke (D:13)
  6 hydras
  2 catoblepae
  5 two-headed ogres
  7 death yaks
  2 tengu warriors (D:13)
  Sonja (Lair:2)
  2 skeletal warriors (D:14)
  2 unseen horrors
  4 orc knights
  An orb spider (shapeshifter) (D:13)
  3 orc sorcerers
  2 wolf spiders
  3 ugly things
  A cyclops (D:13)
  A manticore (D:12)
  7 elephants
  A centaur zombie (D:11)
  An ice statue (IceCv)
  2 black mambas
  3 gargoyles
  A kobold demonologist (D:11)
  4 spiny frogs
  3 rime drakes
  2 ice devils (Lair:6)
  7 komodo dragons
  A merfolk (Shoals:1)
  A jumping spider (Spider:1)
  19 polar bears
  A hornet (D:12)
  5 trolls
  8 blink frogs
  10 slime creatures
  6 hippogriffs
  2 redbacks
  A spriggan (D:7)
  A water elemental (D:13)
  A vampire (D:12)
  29 yaks
  4 hogs
  2 wyverns
  4 vampire mosquitoes
  A basilisk (D:11)
  A hungry ghost (D:8)
  Menkaure (D:7)
  8 wargs
  12 water moccasins
  A soldier ant (D:14)
  7 porcupines
  16 orc warriors
  2 black bears
  The ghost of coier1 the Covered, an amateur GnWn (D:4)
  A necrophage (D:10)
  An eye of draining (D:13)
  3 ice beasts
  A sky beast (D:6)
  9 ogres
  2 phantoms
  55 wolves
  5 centaurs
  13 crocodiles
  5 big kobolds
  15 bullfrogs
  A wyvern skeleton (D:13)
  5 scorpions
  A water moccasin skeleton (D:9)
  15 killer bees
  5 wights (D:7)
  5 electric eels
  5 howler monkeys
  2 quasits
  2 bullfrog zombies (D:9)
  7 crimson imps
  11 orc priests
  4 jellies
  8 hounds
  10 orc wizards
  Crazy Yiuf (D:3)
  2 bullfrog skeletons
  2 gnoll shamans (D:9)
  7 worker ants
  3 iguanas
  4 hound skeletons (D:4)
  A hound zombie (D:6)
  2 howler monkey skeletons (D:11)
  2 worker ant zombies
  13 gnolls
  16 adders
  A shadow imp (D:9)
  2 oozes
  An adder zombie (D:9)
  2 adder skeletons
  3 worms
  2 dart slugs
  5 leopard geckos
  79 orcs
  7 giant cockroaches
  4 goblins
  8 hobgoblins
  11 jackals
  32 kobolds
  2 quokkas
  2 ball pythons
  11 bats
  7 frilled lizards
  A jackal zombie (D:6)
  A quokka zombie (D:5)
  2 rats
  A fungus (Lair:4)
  3 plants (Lair:4)
651 creatures vanquished.

Vanquished Creatures (others)
  A wizard (D:3)
  2 bushes (Lair:3)
  8 fungi
  13 plants
24 creatures vanquished.

Grand Total: 675 creatures vanquished

Notes
Turn   | Place    | Note
-------+----------+-------------------------------------------
     0 | D:1      | Eurus the Mummy Conjurer began the quest for the Orb.
     0 | D:1      | Reached XP level 1. HP: 13/13 MP: 4/4
   136 | D:1      | Reached XP level 2. HP: 10/20 MP: 0/5
   415 | D:1      | Reached skill level 3 in Spellcasting
   531 | D:1      | Reached skill level 1 in Fighting
   810 | D:2      | Reached XP level 3. HP: 19/26 MP: 0/7
   814 | D:2      | Learned a level 2 spell: Searing Ray
  1786 | D:3      | Reached XP level 4. HP: 25/32 MP: 4/9
  1844 | D:3      | Learned a level 4 spell: Iskenderun's Mystic Blast
  1957 | D:3      | Found a shattered altar of Ashenzari.
  1964 | D:3      | Became a worshipper of Ashenzari the Shackled
  2052 | D:3      | Found a bloodstained altar of Trog.
  2053 | D:3      | Noticed a wizard
  2059 | D:3      | Killed a wizard
  2576 | D:3      | Found a runed translucent door.
  2577 | D:3      | Noticed Crazy Yiuf
  3058 | D:3      | Reached XP level 5. HP: 37/38 MP: 6/10
  3288 | D:3      | Killed Crazy Yiuf
  3288 | D:3      | Reached skill level 4 in Spellcasting
  3288 | D:3      | Reached skill level 1 in Translocations
  3464 | D:4      | Noticed coier1's ghost (amateur GnWn)
  3596 | D:4      | Found a runed translucent gate.
  3596 | D:4      | Found a runed translucent gate.
  3596 | D:4      | Found a runed translucent gate.
  3697 | D:4      | Reached XP level 6. HP: 38/46 MP: 10/12
  4325 | D:5      | Entered Level 5 of the Dungeon
  4443 | D:5      | Reached skill level 5 in Spellcasting
  4839 | D:5      | Noticed an ice beast
  4861 | D:5      | Killed an ice beast
  4861 | D:5      | Reached XP level 7. HP: 35/52 MP: 2/14
  5195 | D:6      | Reached skill level 5 in Conjurations
  5628 | D:6      | Reached * piety under Ashenzari
  6276 | D:6      | Reached skill level 6 in Spellcasting
  6541 | D:6      | Found Ceowylih's Weapon Shoppe.
  6820 | D:7      | Reached XP level 8. HP: 39/61 MP: 7/17
  6978 | D:7      | Found a staircase to the Ecumenical Temple.
  7163 | D:7      | Reached skill level 1 in Armour
  7670 | D:7      | Reached skill level 5 in Fighting
  7771 | D:7      | Noticed Menkaure
  7779 | D:7      | Killed Menkaure
  7794 | D:7      | Reached skill level 7 in Spellcasting
  7922 | D:7      | Reached XP level 9. HP: 58/68 MP: 19/19
  8256 | D:8      | Found a blossoming altar of Fedhas.
  8603 | D:8      | Found a staircase to the Lair.
  8775 | D:8      | Found the +10 zealot's sword {holy, *Rage rN+ EV+3}
  9170 | D:9      | Reached ** piety under Ashenzari
  9563 | D:9      | Reached skill level 8 in Spellcasting
  9981 | D:9      | Reached skill level 5 in Translocations
 10743 | D:9      | Noticed a two-headed ogre
 10928 | D:9      | Reached XP level 10. HP: 77/77 MP: 22/22
 11346 | D:9      | Killed a two-headed ogre
 11656 | Lair:1   | Entered Level 1 of the Lair of Beasts
 11682 | Lair:1   | Noticed a six-headed hydra
 12010 | D:10     | Entered Level 10 of the Dungeon
 12113 | D:10     | Noticed a gargoyle
 12398 | D:10     | Found a staircase to the Orcish Mines.
 12557 | D:10     | Found Cangaorph's Weapon Shop.
 12586 | D:10     | Killed an unseen horror
 13512 | Orc:1    | Entered Level 1 of the Orcish Mines
 13724 | Orc:1    | Reached skill level 5 in Armour
 13938 | Orc:1    | Noticed an orc sorcerer
 14237 | D:11     | Noticed a gargoyle
 14398 | D:8      | Noticed a two-headed ogre
 14414 | D:8      | Killed a two-headed ogre
 14414 | D:8      | Reached XP level 11. HP: 30/86 MP: 15/23
 14735 | D:4      | Killed coier1's ghost
 15963 | Lair:2   | Reached *** piety under Ashenzari
 15984 | Lair:2   | Noticed Sonja
 16007 | Lair:2   | Killed Sonja
 16941 | Lair:2   | Noticed a five-headed hydra
 16965 | Lair:2   | Killed a five-headed hydra
 17958 | Lair:3   | Noticed Gastronok
 19320 | Lair:3   | Reached skill level 9 in Spellcasting
 19511 | Lair:3   | Reached XP level 12. HP: 12/95 MP: 25/25
 20672 | Lair:4   | Noticed a death yak
 20713 | Lair:4   | Noticed a five-headed hydra
 20775 | Lair:4   | Noticed a death yak
 21448 | D:8      | Killed a six-headed hydra
 23601 | D:12     | Reached **** piety under Ashenzari
 25031 | D:12     | Reached skill level 10 in Fighting
 25031 | D:12     | Reached skill level 10 in Spellcasting
 25301 | D:12     | Learned a level 2 spell: Shroud of Golubria
 25836 | D:13     | Noticed Nessos
 26093 | D:13     | Noticed Rupert
 27299 | Orc:1    | Paralysed by an orc sorcerer for 7 turns
 27534 | Orc:2    | Entered Level 2 of the Orcish Mines
 28184 | Orc:2    | Reached ***** piety under Ashenzari
 28251 | Orc:2    | Noticed a two-headed ogre
 28270 | Orc:2    | Killed a two-headed ogre
 28270 | Orc:2    | Reached skill level 10 in Conjurations
 28352 | Orc:2    | Noticed a two-headed ogre
 28360 | Orc:2    | Killed a two-headed ogre
 28360 | Orc:2    | Gained mutation: You are in touch with the powers of death.
                  | [Mummy growth]
 28360 | Orc:2    | Reached XP level 13. HP: 104/104 MP: 24/27
 29090 | Orc:2    | Found Zeituxit's Antique Weapon Emporium.
 29234 | Orc:2    | Found Diutz's Jewellery Shoppe.
 29601 | Orc:2    | Found a roughly hewn altar of Beogh.
 30526 | Orc:2    | Bought an uncursed amulet of regeneration for 450 gold
                  | pieces
 30783 | Lair:3   | Killed Gastronok
 30783 | Lair:3   | Reached skill level 11 in Spellcasting
 32965 | Lair:4   | Found a staircase to the Shoals.
 33191 | Lair:4   | Found a hole to the Spider Nest.
 34419 | Lair:5   | Reached skill level 12 in Spellcasting
 34638 | Lair:5   | Found a runed translucent door.
 34638 | Lair:5   | Found a viscous altar of Jiyva.
 34641 | Lair:5   | Found a staircase to the Slime Pits.
 34654 | Lair:5   | Reached XP level 14. HP: 113/113 MP: 30/30
 35336 | Lair:6   | Entered Level 6 of the Lair of Beasts
 35466 | Lair:6   | Found a frozen archway.
 35476 | IceCv    | Entered an ice cave
 36575 | IceCv    | Reached skill level 10 in Translocations
 37417 | IceCv    | Found the +15 Maxwell's patent armour {-Cast -Tele rElec
                  | MR+ rCorr}
 37436 | IceCv    | Noticed a frost giant
 37731 | IceCv    | Found the amulet of Vitality {Regen+ HP+15}
 38470 | D:13     | Noticed Kirke
 39009 | D:13     | Killed Kirke
 41224 | D:14     | Reached skill level 13 in Spellcasting
 41334 | D:14     | Reached ****** piety under Ashenzari
 41694 | Spider:1 | Entered Level 1 of the Spider Nest
 41839 | Shoals:1 | Entered Level 1 of the Shoals
 41845 | Shoals:1 | Slain by a merfolk impaler

Levels and vault maps discovered:
D:1:      saegor_arrival_simple_a, layout_rooms
D:2:      layout_basic, first_ration
D:3:      layout_loops_corners, nicolae_overflow_crystal_walls, trog_wizard,
          uniq_crazy_yiuf_cottage
D:4:      layout_loops_cross, gammafunk_ghost_split
D:5:      layout_cave_pools
D:6:      layout_loops_corners, serial_shops, shop,
          chequers_serial_rivers_large_b
D:7:      layout_basic, temple_doors_e, the_bakery, grunt_ministairs_6,
          uniq_menkaure
D:8:      layout_basic, erik_lair_orcish_takeover, basic_altar
D:9:      kennysheep_housing_project, layout_irregular_city
D:10:     layout_long_grid, orc_0_dummy, serial_shops, nicolae_shop_stone
D:11:     layout_gridville
D:12:     layout_loops_corners
D:13:     minmay_ornate_pinched, layout_basic, uniq_nessos, uniq_kirke,
          uniq_frances, uniq_rupert
D:14:     layout_cave_pools, erik_vaults_2, chequers_serial_rivers_room_a
Lair:1:   layout_roguey, lemuel_fruit_fields, lemuel_fruit_fields,
          lemuel_fruit_fields
Lair:2:   layout_concentric_octagons, grunt_megastairs_1, serial_bayou_shore_a,
          uniq_sonja
Lair:3:   layout_loops_ring, minmay_hedge_maze, infiniplex_staircase_pool,
          lemuel_fruit_tree, grunt_megastairs_4, uniq_gastronok
Lair:4:   beast_lair_carwin_large_4, layout_layer_cave,
          elwin_shoals_entry_rocks, nicolae_spider_entry_non_spiders,
          gauntlet_entry_generic
Lair:5:   layout_roguey, slime_altar_2, nicolae_volcano_entry_lava_flow,
          grunt_forest_large_clearings, lemuel_fruit_fields
Lair:6:   cheibrodos_lair_end_hotspot, layout_regular_city,
          portal_ice_cave_demonic_guard, serial_bayou_pond_e
Shoals:1: layout_shoals, serial_shops, shop_fountains, uniq_donald
Spider:1: layout_spider_delve, nicolae_spider_webbed_stairs, uniq_louise
Orc:1:    layout_diamond_mine, nicolae_orc_lava_room
Orc:2:    pubby_orc_utopia, serial_shops, uniq_jorgrun

Skill      XL: |  1  2  3  4  5  6  7  8  9 10 11 12 13 14 |
---------------+-------------------------------------------+-----
Spellcasting   | 3 4 5 6 7 8 9 10 12 13 | 13.0
Fighting       | 1 2 3 4 5 6 7 9 10 11 | 11.0
Conjurations   | 4 5 6 8 9 10 11 | 11.4
Translocations | 1 2 3 4 5 6 7 8 9 10 | 10.4
Armour         | 2 4 5 6 7 9 |  9.8
Shields        | 4 |  4.6
Dodging        | |  1.5
Stealth        | |  1.5

Action                   |  1- 3 |  4- 6 |  7- 9 | 10-12 | 13-15 || total
-------------------------+-------+-------+-------+-------+-------++-------
Melee: Unarmed           |    26 |       |       |       |       ||    26
       Dagger            |    46 |    36 |       |       |       ||    82
       Quarterstaff      |       |    39 |    19 |       |       ||    58
       Staff             |       |       |    27 |    23 |    15 ||    65
 Cast: Magic Dart        |    64 |    28 |    84 |   209 |   153 ||   538
       Searing Ray       |     2 |    17 |    77 |   235 |   257 ||   588
       Iskenderun's Myst |       |       |       |    62 |   128 ||   190
       Shroud of Golubri |       |       |       |     1 |       ||     1
Invok: Curse Item        |       |       |     1 |     1 |     4 ||     6
Evoke: Wand              |       |       |       |       |     1 ||     1
  Use: Scroll            |       |       |     9 |     2 |     8 ||    19
 Stab: Sleeping          |     2 |     1 |     1 |       |       ||     4
Armor: Robe              |    29 |    17 |    14 |       |       ||    60
       Leather armour    |       |       |    34 |    61 |       ||    95
       Ring mail         |       |       |       |    88 |   295 ||   383
Dodge: Dodged            |    51 |    69 |   117 |   238 |   322 ||   797
Block: Buckler           |       |       |       |       |    35 ||    35

Table legend:
 A = Non-vault XP
 B = Vault XP
 C = Vault XP percentage of total XP
 D = Non-vault monster count
 E = Vault monster count
 F = Vault count percentage of total count
                 A         B        C        D         E       F
            +---------+---------+-------+---------+---------+-------
      Total |   54019 |   44296 |  45.1 |     403 |     244 |  37.7
            +---------+---------+-------+---------+---------+-------
        D:1 |      35 |       0 |   0.0 |      22 |       0 |   0.0
        D:2 |      39 |       0 |   0.0 |      16 |       0 |   0.0
        D:3 |     138 |      39 |  22.0 |      22 |       1 |   4.3
        D:4 |     362 |     172 |  32.2 |      20 |       3 |  13.0
        D:5 |     252 |       0 |   0.0 |       7 |       0 |   0.0
        D:6 |     562 |       0 |   0.0 |      21 |       0 |   0.0
        D:7 |    1040 |     390 |  27.3 |      21 |       5 |  19.2
        D:8 |    2739 |     592 |  17.8 |      14 |       7 |  33.3
        D:9 |    1798 |    1008 |  35.9 |      19 |      29 |  60.4
       D:10 |    3073 |       0 |   0.0 |      30 |       0 |   0.0
       D:11 |    4235 |       0 |   0.0 |      29 |       0 |   0.0
       D:12 |    3224 |     523 |  14.0 |      25 |       3 |  10.7
       D:13 |    5978 |    6874 |  53.5 |      33 |      14 |  29.8
       D:14 |    2045 |       0 |   0.0 |       4 |       0 |   0.0
     Lair:1 |    3547 |       0 |   0.0 |      19 |       0 |   0.0
     Lair:2 |    2066 |    2001 |  49.2 |       7 |       6 |  46.2
     Lair:3 |    3631 |    2812 |  43.6 |      18 |       4 |  18.2
     Lair:4 |    7248 |    6613 |  47.7 |      22 |      24 |  52.2
     Lair:5 |    6515 |    3077 |  32.1 |      16 |      29 |  64.4
     Lair:6 |    1077 |     698 |  39.3 |       7 |       2 |  22.2
   Shoals:1 |     309 |       0 |   0.0 |       1 |       0 |   0.0
   Spider:1 |    1071 |       0 |   0.0 |       3 |       0 |   0.0
      Orc:1 |    3035 |     775 |  20.3 |      27 |       8 |  22.9
      Orc:2 |       0 |    7512 | 100.0 |       0 |      56 | 100.0
      IceCv |       0 |   11210 | 100.0 |       0 |      53 | 100.0
            +---------+---------+-------+---------+---------+-------
